Map: Ruins of Endion

Players

TimiderBen - Winner!

  • Race: Zerg Zerg
  • League: Gold

capac

  • Race: Terran Terran
  • League: Gold

VOD

Have the link to the VOD?

Description

Time

  • Played on: April 25, 2016, 6:27 p.m.
  • Length: 4:09
Show
View Real Time Build Order
Export as new Build Order

TimiderBen Zerg - Winner!

Build Orders: Pool First 

Get SALT Encoding   

  12  0:03  Drone  
  13  0:22  Overlord  
  13  0:24  Drone  
  14  0:44  Spawning Pool  
  14  0:46  Extractor  
  12  0:56  Drone x2  
  12  0:57  Drone  
  15  1:19  Hatchery  
  14  1:30  Drone  
  15  1:33  Zergling x4  
  17  1:46  Queen  
  19  1:56  Metabolic Boost  
  19  2:08  Zergling x6  
  22  2:19  Overlord  
  22  2:44  Zergling x2  
  22  2:45  Zergling x6  
  26  2:55  Spine Crawler  
  25  3:00  Zergling x6  
  25  3:01  Zergling x4  
  30  3:33  Baneling Nest  
  29  3:39  Drone  
  29  3:40  Drone  
Show
View Real Time Build Order
Export as new Build Order

capac Terran 

Build Orders: Reaper Expand 

Get SALT Encoding   

  12  0:01  SCV  
  13  0:14  SCV  
  13  0:19  Supply Depot  
  14  0:26  SCV  
  15  0:40  SCV  
  15  0:42  Barracks  
  16  0:47  Refinery  
  16  0:52  SCV  
  17  1:06  SCV  
  18  1:18  SCV  
  19  1:32  Reaper, Orbital Command  
  20  1:44  Command Center  
  20  1:51  Supply Depot  
  20  2:01  SCV  
  20  2:03  Marine  
  22  2:11  Barracks  
  22  2:14  SCV  
  23  2:21  Factory  
  23  2:26  SCV  
  24  2:31  Barracks Reactor  
  24  2:41  SCV  
  25  2:53  SCV  
  26  3:02  Barracks Tech Lab  
  26  3:03  SCV  
  28  3:05  Refinery, SCV  
  28  3:12  Bunker  
  28  3:18  Widow Mine  
  28  3:22  Marine  
  28  3:23  Marine  
  28  3:40  Marine x2  
Tags
 
Add a new tag
Caveats
  • Supply blocks, unpowered buildings, or Contaminate may cause inaccurate times.
  • Supply counts are checked every 10 seconds.